 Dungeon Crawl Stone Soup version 0.29-a0-830-gcb1280458a (webtiles) character file.

Game seed: 16309770891434844992

21 LynnLen the Sneak (level 2, 13/16 HPs)
             Began as a Vampire Enchanter on July 11, 2022.
             Was a Follower of Trog.
             Quit the game on level 2 of the Dungeon.
             The game lasted 00:02:26 (844 turns).

LynnLen the Sneak (Vampire Enchanter)                Turns: 844, Time: 00:02:26

Health: 13/16      AC:  3    Str:  7    XL:     2   Next: 62%
Magic:  5/5        EV: 12    Int: 17    God:    Trog [*.....]
Gold:   51         SH:  0    Dex: 14    Spells: 5/5 levels left

rFire   . . .      SeeInvis +   a - +1 dagger
rCold   + + .      Faith    .   (no shield)
rNeg    + + +      Spirit   .   b - +0 robe
rPois   ∞          Reflect  .   g - +0 helmet
rElec   .          Harm     .   (no cloak)
rCorr   .          Rampage  .   (no gloves)
Will    .....                   (no boots)
Stlth   +++++.....              (no amulet)
HPRegen 0.05/turn               (no ring)
MPRegen 0.09/turn               (no ring)

@: bloodless
A: bloodless, fangs 3, see invisible, vampiric 1
a: Revivify, Renounce Religion


You were on level 2 of the Dungeon.
You worshipped Trog.
Trog was aware of your devotion.
You visited 1 branch of the dungeon, and saw 2 of its levels.

You collected 51 gold pieces.

Inventory:

Hand Weapons
 a - a +1 dagger (weapon)
Armour
 b - a +0 robe (worn)
 g - a +0 helmet (worn)
Jewellery
 f - a ring of fire
Potions
 c - 3 potions of invisibility
 d - a potion of mutation {unknown}
 e - a potion of might {unknown}
 h - a potion of curing {unknown}


   Skills:
 * Level 0.6 Fighting
 * Level 1.6 Short Blades
 + Level 2.5 Dodging
 + Level 5.2 Stealth
 - Level 2.0 Spellcasting
 - Level 4.4 Hexes


You had 5 spell levels left.
You didn't know any spells.
Your spell library contained the following spells:

 Spells                   Type           Power      Damage    Failure   Level
 Confusing Touch          Hex            16%        N/A       10%         3
 Tukima's Dance           Hex            16%        N/A       10%         3
 Ensorcelled Hibernation  Hex/Ice        18%        N/A       12%         2
 Dazzling Flash           Conj/Hex       18%        N/A       24%         3


Dungeon Overview and Level Annotations

Branches:
Dungeon (2/15)

Altars:
Trog

Shops:
D:1 (


Innate Abilities, Weirdness & Mutations

You do not regenerate when monsters are visible.
You are frail without blood (-20% HP).
You can heal yourself when you bite living creatures.
You are immune to poison.
You have razor-sharp teeth.
You have supernaturally acute eyesight. (SInv)
You are afflicted with vampirism.


Message History

The frilled lizard bites you.
You barely miss the frilled lizard.
The frilled lizard is moderately wounded.
The frilled lizard bites you but does no damage.
You hit the frilled lizard.
The frilled lizard is severely wounded.
The frilled lizard barely misses you.
You barely miss the frilled lizard.
The frilled lizard is severely wounded.
The frilled lizard closely misses you.
You hit the frilled lizard.
You kill the frilled lizard!
You see here a frilled lizard corpse.
You start resting.
HP restored.
You see here a frilled lizard corpse.
Found a faded altar of an unknown god.
Found a stone staircase leading down.
There is a faded altar of an unknown god here.
You cannot tell which god this altar belongs to.
Convert to them anyway?
Okay, then.
You cannot tell which god this altar belongs to.
Convert to them anyway?
Trog accepts your prayer! Trog welcomes you!
A hobgoblin comes into view.
Found a runed mace.
The hobgoblin shouts!
A hobgoblin is nearby!
The hobgoblin hits you.
You hit the hobgoblin.
The hobgoblin is moderately wounded.
The hobgoblin barely misses you.
You hit the hobgoblin.
The hobgoblin is almost dead.
The hobgoblin barely misses you.
You hit the hobgoblin.
You kill the hobgoblin!
Trog accepts your kill.
Unknown command.
Are you sure you want to abandon this character and quit the game? (Confirm with "yes".)

#.# #.# ##.###
...###.§.§######
..>.....§§.§....
#.#####..§######
#..## #.#####.##
#....@..#
...)..........#
.###########.##
.#


There were no monsters in sight!

Vanquished Creatures
  2 endoplasms (D:1)
  4 goblins (D:1)
  2 hobgoblins
  2 jackals (D:1)
  3 ball pythons (D:1)
  A bat (D:1)
  A frilled lizard (D:2)
  2 kobolds (D:1)
17 creatures vanquished.

Notes
Turn   | Place    | Note
-------+----------+-------------------------------------------
     0 | D:1      | LynnLen the Vampire Enchanter began the quest for the Orb.
     0 | D:1      | Reached XP level 1. HP: 13/13 MP: 3/3
   269 | D:1      | Found Judaum's Weapon Shop.
   271 | D:1      | Reached XP level 2. HP: 16/16 MP: 5/5
   327 | D:1      | Reached skill level 5 in Stealth
   824 | D:2      | Found a faded altar of an unknown god.
   835 | D:2      | Prayed at the altar of an unknown god.
   835 | D:2      | Became a worshipper of Trog the Wrathful
   835 | D:2      | Reached * piety under Trog
   844 | D:2      | Quit the game

Illustrated notes

Levels and vault maps discovered:
D:1:      dpeg_arrival_chambers_temple_mockup, layout_basic, serial_shops, shop
D:2:      minmay_skewed_foursquare, layout_loops_ring,
          ebering_ecumenical_altar_mist, serial_bayou_lagoon_a

Skill      XL: |  1  2 |
---------------+-------+-----
Stealth        | 5 |  5.2
Fighting       | |  0.6
Short Blades   | |  1.6
Dodging        | |  2.5
Spellcasting   | |  2.0
Hexes          | |  4.4

Action                   || total
-------------------------++-------
Melee: Dagger            ||    44
       Punch             ||     1
       Bite              ||     2
 Abil: Exsanguinate      ||     1
  Use: Scroll            ||     1
 Stab: Sleeping          ||     9
Armor: Robe              ||     8
Dodge: Dodged            ||    19

Table legend: (Time is in decaauts)
 A = Elapsed time spent in this place.
 B = Non-inter-level travel time spent in this place.
 C = Inter-level travel time spent in this place.
 D = Time resting spent in this place.
 E = Time spent auto-exploring this place.
 F = Levels seen in this place.
 G = Mean time per level.
                   A        B        C        D        E       F      G
               +--------+--------+--------+--------+--------+-----+--------+
         Total |    840 |    840 |      0 |     64 |    529 |   2 |  420.0 |
       Dungeon |    840 |    840 |      0 |     64 |    529 |   2 |  420.0 |
               +--------+--------+--------+--------+--------+-----+--------+

Top non-repeatable levels by time:
     D:1: 743 daAuts
     D:2: 96 daAuts
